 Dungeon Crawl Stone Soup version 0.31-a0-1549-g5ff9445e89 (webtiles) character file.

Game seed: 10732051460698812623

22 hikkokomori the Digger (level 2, -3/15 HPs)
             Began as a Gargoyle Earth Elementalist on Jan 2, 2024.
             Slain by a gnoll
             ... wielding a +0 club
              (4 damage)
             ... on level 2 of the Dungeon.
             The game lasted 00:01:52 (990 turns).

hikkokomori the Digger (Gargoyle Earth Elementalist) Turns: 990, Time: 00:01:53

Health: -3/15      AC:  4    Str: 11    XL:     2   Next: 91%
Magic:  2/5        EV: 12    Int: 15    God:
Gold:   94         SH:  0    Dex: 10    Spells: 4/5 levels left

rFire   . . .        d - staff of conjuration
rCold   . . .        (no shield)
rNeg    + . .        a - +0 robe
rPois   ∞            (no helmet)
rElec   +            (no cloak)
rCorr   .            (no gloves)
SInv    .            (no boots)
Will    .....        (no amulet)
Stlth   ++           (no ring)
HPRegen 0.22/turn    (no ring)
MPRegen 0.09/turn

%: no passive effects
@: no status effects
A: sickness immunity, AC +2, negative energy resistance 1, electricity
resistance, torment resistance 1, petrification resistance
a: no special abilities


You were on level 2 of the Dungeon.
You visited 1 branch of the dungeon, and saw 2 of its levels.

You collected 94 gold pieces.

Inventory:

Hand Weapons
 c - a +0 dagger
Armour
 a - a +0 robe (worn)
Magical Staves
 d - a staff of conjuration (weapon)
Potions
 b - a potion of magic


   Skills:
 + Level 1.8 Dodging
 + Level 2.6 Stealth
 + Level 2.2 Spellcasting
 + Level 1.6 Conjurations
 + Level 3.9 Earth Magic


You had 4 spell levels left.
You knew the following spells:

 Your Spells              Type           Power      Damage    Failure   Level
a - Sandblast             Erth           26%        2d8       4%          1

Your spell library contained the following spells:

 Spells                   Type           Power      Damage    Failure   Level
 Passwall                 Erth           13%        N/A       13%         3
 Sting                    Conj/Alch      24%        1d4       16%         1
 Stone Arrow              Conj/Erth      30%        3d8       21%         3
 Apportation              Tloc           2%         N/A       22%         1
 Necrotise                Necr           4%         1d4       22%         1
 Summon Small Mammal      Summ           4%         N/A       22%         1
 Scorch                   Fire           2%         2d5       32%         2
 Brom's Barrelling Bould  Conj/Erth      15%        2d4       56%         4
 Petrify                  Alch/Erth      7%         N/A       67%         4
 Flame Wave               Conj/Fire      6%         2d5       83%         4
 Summon Cactus Giant      Summ           0%         N/A       100%        6


Dungeon Overview and Level Annotations

Branches:
Dungeon (2/15)

Altars:


Innate Abilities, Weirdness & Mutations

You are immune to sickness and miasma.
Your stone body is resilient. (AC +2)
You are immune to poison.
You resist negative energy. (rN+)
You are resistant to electric shocks. (rElec)
You are resistant to unholy torment.
You are immune to petrification.


Message History

A gnoll comes into view. It is wielding a +0 halberd.
You see here a scroll labelled LAZUCLEAFFI.
A gnoll comes into view. It is wielding a +0 whip.
Found 12 gold pieces.
Found a stone staircase leading down.
The blast of sand hits the gnoll but does no damage.
The gnoll hits you with a +0 flail.
The blast of sand misses the gnoll.
The gnoll shouts!
The gnoll completely misses you.
You aren't carrying any scrolls.
You aren't carrying any scrolls.
It was a potion of curing.
You feel better. The gnoll closely misses you.
Casting: Sandblast (safe; 4% risk of failure)
Confirm with . or Enter, or press ? or * to list all spells.
Aiming: Sandblast (safe; 4% risk of failure)
Press: ? - help, Shift-Dir - straight line, f/p - gnoll
Aim: a gnoll, wielding a +0 flail (84% to hit)
The blast of sand hits the gnoll.
The gnoll is moderately wounded.
The gnoll closely misses you.
Unknown command.
The gnoll misses you. The gnoll attacks as it pursues you!
The gnoll closely misses you. The gnoll attacks as it pursues you!
The gnoll barely misses you. The gnoll attacks as it pursues you!
The gnoll hits you with a +0 club.
A hobgoblin comes into view.
The gnoll attacks as it pursues you! The gnoll barely misses you.
The gnoll attacks as it pursues you!
The gnoll hits you from afar with a +0 halberd!
Ouch! That really hurt!
* * * LOW HITPOINT WARNING * * *
The gnoll shouts!
The gnoll attacks as it pursues you! The gnoll hits you with a +0 club.
* * * LOW HITPOINT WARNING * * *
The gnoll attacks as it pursues you! The gnoll barely misses you.
The gnoll attacks as it pursues you! The gnoll closely misses you.
Unknown command.
The gnoll attacks as it pursues you! The gnoll closely misses you.
The gnoll attacks as it pursues you! The gnoll hits you with a +0 club.
You die...

#...................>
#...........?..#.....
#..............# ...
##........†....#### .
##^.......†.###..
#########..##..#
#.........#
#.........#
#.......@.###
#...g...g.).#
#.....g...#.....
#.......g.###..#
##.####.#####.##
#.##........g.
#....#.#####.#
#..####.# #...# #.#


You could see 4 gnolls.

Vanquished Creatures
  A ribbon worm (D:2)
  A giant cockroach (D:1)
  A hobgoblin (D:2)
  2 bats (D:1)
  3 frilled lizards (D:1)
  6 goblins
  4 kobolds (D:1)
  A rat (D:2)
19 creatures vanquished.

Notes
Turn   | Place    | Note
-------+----------+-------------------------------------------
     0 | D:1      | hikkokomori the Gargoyle Earth Elementalist began the quest
                  | for the Orb.
     0 | D:1      | Reached XP level 1. HP: 10/10 MP: 3/3
   352 | D:1      | Reached XP level 2. HP: 15/15 MP: 3/5
   990 | D:2      | Slain by a gnoll

Illustrated notes

Levels and vault maps discovered:
D:1:      lemuel_arrival_cross, layout_loops_ring, dreamdust_mushroom_princess,
          minmay_statues_item
D:2:      layout_rooms, hellmonk_ecumenical_altar_pennies_from_heaven

Action                     || total
---------------------------++-------
   Cast: Sandblast         ||    30
    Use: Potion            ||     1
 Armour: Robe              ||     7
  Dodge: Dodged            ||    14

Table legend: (Time is in decaauts)
 A = Elapsed time spent in this place.
 B = Non-inter-level travel time spent in this place.
 C = Inter-level travel time spent in this place.
 D = Time resting spent in this place.
 E = Time spent auto-exploring this place.
 F = Levels seen in this place.
 G = Mean time per level.
                   A        B        C        D        E       F      G
               +--------+--------+--------+--------+--------+-----+--------+
         Total |   1003 |    930 |     73 |      0 |    801 |   2 |  501.5 |
       Dungeon |   1003 |    930 |     73 |      0 |    801 |   2 |  501.5 |
               +--------+--------+--------+--------+--------+-----+--------+

Top non-repeatable levels by time:
     D:1: 882 daAuts
     D:2: 121 daAuts
